AoeStats
← Dr_DanglePeen_AD

Arena

504630573Analyzed
4v4 RM · 25d ago on Sep 6, 2026· 54m 0s· 8 players
Game mode
Random Map
Map size
Large (8 player)
Population
200
Speed
Normal
Resources
Standard
Victory
Conquest
Starting age
Dark Age
Ending age
Imperial Age
RankedLock teamsTeams togetherTeam positionsShared explorationLock speedFull tech treeHidden civsTurbo modeCheats
Victory
Defeat
🇺🇸 Spanish · United States
1374
+13
🇺🇸 Persians · United States
1364
+14
🇺🇸 Italians · United States
1350
+14
🇺🇸 Cumans · United States
1218
+19
🇺🇸 Slavs · United States
1472
-22
🇺🇸 Wei · United States
1304
-15
🇨🇦 Dravidians · Canada
1260
-13
🇺🇸 Vikings · United States
1189
-10
DLonger7
11:08 Feudal Age
11:58 Double-Bit Axe
14:44 Castle Age
12:36 Horse Collar
15:41 Bow Saw
16:24 Heavy Plow
21:55 Gold Mining
22:29 Loom
22:30 Town Watch
24:06 Wheelbarrow
24:26 Gold Shaft Mining
24:32 Stone Mining
26:34 Scale Barding Armor
26:40 Forging
26:44 Bloodlines
26:35 Husbandry
29:06 Imperial Age
27:17 Hand Cart
27:37 Town Patrol
28:02 Chain Barding Armor
28:46 Stone Shaft Mining
29:39 Iron Casting
29:38 Elite Tiger Cavalry
33:22 Ming Guang Armor
34:01 Blast Furnace
34:11 Conscription
36:28 Tuntian
42:10 Fletching
45:47 Scale Mail Armor
45:24 Pikeman
46:04 Squires
46:02 Bodkin Arrow
46:00 Halberdier
46:58 Chain Mail Armor
Veloester
7:37 Loom
10:10 Feudal Age
10:41 Feudal Age
11:55 Feudal Age
15:31 Castle Age
13:21 Double-Bit Axe
13:43 Horse Collar
15:25 Scale Mail Armor
16:42 Chain Mail Armor
15:59 Man-at-Arms
17:02 Gambesons
16:42 Long Swordsman
17:19 Gold Mining
25:36 Forging
25:30 Squires
25:16 Gambesons
27:31 Pikeman
30:26 Wheelbarrow
34:22 Imperial Age
33:18 Iron Casting
34:27 Halberdier
35:39 Plate Mail Armor
37:41 Blast Furnace
37:13 Elite Skirmisher
38:17 Ballistics
38:57 Chemistry
39:10 Fletching
39:20 Padded Archer Armor
40:11 Bodkin Arrow
41:04 Leather Archer Armor
41:44 Bracer
43:44 Masonry
43:45 Fortified Wall
47:46 Husbandry
50:53 Ring Archer Armor
51:43 Conscription
52:17 Two-Handed Swordsman
Dr_DanglePeen_AD
11:05 Feudal Age
16:08 Castle Age
15:03 Double-Bit Axe
15:59 Loom
18:21 Bow Saw
18:34 Horse Collar
22:09 Fletching
24:37 Elite Skirmisher
31:43 Bodkin Arrow
32:49 Heavy Plow
34:52 Fortified Wall
35:27 Padded Archer Armor
38:18 Leather Archer Armor
37:27 Elite Skirmisher
38:31 Ballistics
48:23 Imperial Age
46:17 Scale Mail Armor
46:39 Gold Mining
47:39 Chieftains
48:29 Elite Berserk
50:37 Chain Mail Armor
52:09 Plate Mail Armor
51:49 Forging
jimmythicks
7:24 Loom
10:54 Feudal Age
15:37 Castle Age
14:11 Double-Bit Axe
14:41 Horse Collar
16:47 Bow Saw
16:50 Heavy Plow
19:06 Forging
22:06 Scale Barding Armor
23:54 Iron Casting
30:07 Bloodlines
29:57 Husbandry
30:50 Chain Barding Armor
30:03 Pikeman
33:53 Wheelbarrow
33:44 Husbandry
36:29 Hand Cart
39:41 Elite Skirmisher
42:12 Fletching
42:22 Padded Archer Armor
45:31 Imperial Age
45:27 Bodkin Arrow
45:48 Leather Archer Armor
45:34 Scale Mail Armor
46:08 Halberdier
46:49 Squires
47:55 Blast Furnace
49:42 Chain Mail Armor
51:24 Squires
54:03 Plate Mail Armor
Taulipang
10:18 Feudal Age
14:35 Castle Age
13:19 Double-Bit Axe
16:04 Bow Saw
16:36 Loom
17:21 Horse Collar
21:18 Gold Mining
22:10 Fortified Wall
22:58 Town Watch
25:12 Stone Mining
27:18 Wheelbarrow
30:50 Imperial Age
28:17 Fletching
29:19 Hand Cart
29:10 Padded Archer Armor
28:51 Crossbowman
30:25 Bodkin Arrow
30:45 Leather Archer Armor
31:04 Thumb Ring
32:48 Chemistry
31:55 Bracer
36:20 Ring Archer Armor
36:18 Conscription
36:44 Elite Genoese Crossbowman
38:43 Hoardings
39:08 Bloodlines
38:59 Husbandry
39:26 Light Cavalry
40:18 Scale Barding Armor
40:24 Forging
41:11 Hussar
43:13 Coinage
43:59 Chain Barding Armor
44:15 Iron Casting
45:20 Plate Barding Armor
45:04 Elite Skirmisher
49:48 Masonry
49:58 Ballistics
50:22 Heavy Plow
51:25 Two-Man Saw
53:55 Blast Furnace
Trooperone1
11:27 Feudal Age
12:32 Double-Bit Axe
12:28 Horse Collar
15:13 Castle Age
13:28 Horse Collar
15:00 Double-Bit Axe
16:08 Bow Saw
17:02 Wheelbarrow
19:12 Loom
19:13 Town Watch
20:47 Hand Cart
21:48 Gold Mining
22:30 Scale Barding Armor
23:49 Gold Shaft Mining
24:08 Bloodlines
24:42 Husbandry
25:08 Chain Barding Armor
25:17 Town Patrol
26:00 Heavy Plow
26:22 Husbandry
26:29 Fletching
27:25 Bodkin Arrow
29:37 Forging
31:00 Iron Casting
34:28 Ballistics
36:58 Padded Archer Armor
37:17 Masonry
40:00 Imperial Age
38:46 Kamandaran
39:45 Cavalier
41:01 Plate Barding Armor
41:33 Blast Furnace
43:51 Architecture
43:27 Savar
48:00 Guilds
52:37 Conscription
52:53 Hoardings
53:29 Chemistry
TheSaltMill
9:16 Feudal Age
13:03 Loom
13:31 Horse Collar
13:38 Double-Bit Axe
16:59 Gold Mining
18:22 Wheelbarrow
23:18 Castle Age
22:18 Scale Barding Armor
22:26 Bloodlines
23:56 Forging
24:49 Chain Barding Armor
25:15 Iron Casting
24:49 Heavy Plow
28:55 Gold Shaft Mining
31:26 Hand Cart
35:47 Imperial Age
36:33 Cavalier
38:20 Blast Furnace
38:07 Plate Barding Armor
43:04 Paladin
48:02 Stone Mining
49:31 Conscription
48:44 Capped Ram
Fingon
11:19 Feudal Age
15:23 Castle Age
13:38 Double-Bit Axe
13:39 Horse Collar
17:51 Loom
20:09 Padded Archer Armor
22:09 Leather Archer Armor
36:49 Imperial Age
34:56 Wheelbarrow
34:33 Bow Saw
34:48 Fortified Wall
35:17 Masonry
35:16 Scale Mail Armor
34:37 Pikeman
35:18 Squires
36:26 Chain Mail Armor
36:53 Forging
36:55 Halberdier
39:15 Plate Mail Armor
39:53 Heavy Plow
45:47 Ring Archer Armor
45:46 Conscription
45:48 Gold Mining
45:49 Stone Mining
46:02 Arson
47:23 Hand Cart
48:43 Elite Conquistador
50:46 Hoardings
50:52 Fletching
51:24 Ballistics
51:35 Architecture
52:09 Husbandry
52:19 Bloodlines
52:17 Bodkin Arrow
54:11 Bracer
Connection lost

Rejoining the realm…

Still unreachable

The connection could not be restored.

Session expired

The server has moved on; the page needs a fresh start.